cohdb
Replays
Latest Replays
All Replays
Popular Replays
Top Player Replays
Match Explorer
How It Works
Community
CoH3 Stats
Reddit
Sign in to upload your games and track your stats! →
Sign in with Steam
Match 46755645
Unlisted
Match 46755645
Overview
Messages
Build Orders
End
Engineer Squad
Construct Weapon Support Center
Selects Armored Battlegroup
Selects Assault Engineers
Assault Engineer Squad
M1919 Machine Gun Team
Assault Engineer Squad
Infantry Support Center
M1919 Machine Gun Team
Construct Medical Station
M3 Armored Personnel Carrier
M3 Armored Personnel Carrier
Bazooka Squad
Selects M31 Recovery Vehicle
Selects War Machine
M3 Armored Personnel Carrier
Bazooka Squad
Bazooka Squad
Construct Tank Depot
Selects Strength in Steel
Selects Seek and Destroy
Selects UNKNOWN (2160077)
M4A3E8 Sherman Easy Eight
Assault Engineer Squad
M4A3E8 Sherman Easy Eight
.30 cal Machine Gun
Cpt Darling
companyHOLLAND
0
0
Comments
sign in to comment!
No comments posted yet!